 Dungeon Sprint DCSS version 0.17-a0-1337-ge651487 (webtiles) character file.

3241 Kidiri the Covert (level 9, -5/39 HPs)
             Began as a Spriggan Enchanter on June 10, 2015.
             Was a Follower of Dithmenos.
             Engulfed by a crystal guardian's freezing vapour (21 damage)
             ... in the Dungeon (Sprint II: "The Violet Keep of Menkaure").
             The game lasted 00:17:33 (2264 turns).

Kidiri the Covert (Spriggan Enchanter)              Turns: 2264, Time: 00:17:33

Health: -5/39      AC:  9    Str:  4    XL:     9   Next: 67%
Magic:  16/25      EV: 30    Int: 21    God:    Dithmenos [*.....]
Gold:   357        SH:  0    Dex: 18    Spells: 9 memorised, 4 levels left

rFire  . . .     SeeInvis +     w - +0 dagger (protect)
rCold  . . .     Clarity  .     k - +1 robe of Dogma {*Confuse rCorr Int+3 Stlth+}
rNeg   + . .     SustAt   .     (shield restricted)
rPois  .         Gourm    .     (helmet restricted)
rElec  .         Spirit   .     t - +0 cloak
rCorr  +         Warding  .     (gloves unavailable)
rMut   .         NoTele   +     (boots unavailable)
MR     +....                    (no amulet)
Stlth  +++++.....               (no ring)
                                y - ring of positive energy

@: very slightly contaminated, wreathed by umbra, very quick, somewhat resistant
to hostile enchantments, quite stealthy
A: unfitting armour, see invisible, herbivore 3, speed 3, slow metabolism 2
a: Renounce Religion


You were in the Dungeon.
You worshipped Dithmenos.
Dithmenos was aware of your devotion.
You were not hungry.

You visited 1 branch You collected 1318 gold pieces.
You spent 961 gold pieces at shops.

Inventory:

Hand weapons
 a - a +1 dagger
 w - a +0 dagger of protection (weapon)
Armour
 b - a +1 robe
 k - the +1 robe of Dogma (worn) {*Confuse rCorr Int+3 Stlth+}
   (You bought it in a shop in the Dungeon)

   It affects your intelligence (+3).
   It protects you from acid and corrosion.
   It may confuse you when you take damage.
   It makes you more stealthy.
 t - a +0 cloak (worn)
Jewellery
 y - a ring of positive energy (left hand)
Scrolls
 j - 2 scrolls of blinking
 m - a scroll of fog
 o - 4 scrolls of fear
 s - 3 scrolls of remove curse
Potions
 e - a potion of curing
 f - a potion of heal wounds
 h - 5 potions of magic
 i - a potion of berserk rage
 l - a potion of might
 q - 3 potions of flight {unknown}
 r - a potion of agility {unknown}
 u - 4 potions of resistance {unknown}
 v - a potion of cancellation {unknown}
 z - a potion of haste
 B - a potion of brilliance {unknown}
Books
 c - a book of Maledictions

   Spells                             Type                      Level
   a - Corona                         Hexes                        1
   b - Ensorcelled Hibernation        Hexes/Ice                    2
   c - Confuse                        Hexes                        3
   d - Tukima's Dance                 Hexes                        3
   e - Dazzling Spray                 Conjuration/Hexes            3
 g - a book of Burglary

   Spells                             Type                      Level
   a - Swiftness                      Charms/Air                   2
   b - Passwall                       Transmutation/Earth          3
   c - Passage of Golubria            Translocation                4
   d - Lee's Rapid Deconstruction     Earth                        5
   e - Invisibility                   Hexes                        6
   f - Darkness                       Hexes                        7
Comestibles
 d - a bread ration


   Skills:
 * Level 10.4 Short Blades
 * Level 13.3 Dodging
 * Level 14.5 Stealth
 * Level 11.6 Spellcasting
 + Level 3.7 Conjurations
 + Level 8.8 Hexes
 + Level 4.4 Charms
 + Level 4.4 Translocations
 + Level 4.1 Transmutations
 + Level 3.8 Ice Magic
 + Level 2.9 Air Magic
 + Level 2.7 Earth Magic
 + Level 1.8 Invocations


You had 4 spell levels left.
You knew the following spells:

 Your Spells              Type           Power        Failure   Level  Hunger
a - Corona                Hex            #####..      1%          1    None
b - Ensorcelled Hibernat  Hex/Ice        #####.       1%          2    None
c - Confuse               Hex            #####...     1%          3    None
d - Tukima's Dance        Hex            #####...     1%          3    None
e - Dazzling Spray        Conj/Hex       #####...     1%          3    None
f - Swiftness             Chrm/Air       ####....     1%          2    None
g - Passwall              Trmt/Erth      ####......   4%          3    None
h - Invisibility          Hex            #####...     24%         6    ######.
i - Passage of Golubria   Tloc           N/A          12%         4    #......


Dungeon Overview and Level Annotations

Branches:
Dungeon (1/1)

Altars:
Cheibriados
Dithmenos
Elyvilon
Fedhas
Gozag
Kikubaaqudgha
Makhleb
Nemelex Xobeh
Okawaru
Qazlal
Ru
Sif Muna
Trog
Vehumet
Xom
Yredelemnul
Zin
The Shining One
Beogh
Jiyva
Lugonu

Shops:
D !:!%}:[(}=:(=*?[

Annotations:
D exclusions: ice statue and oklob plant, Roxanne


Innate Abilities, Weirdness & Mutations

You are tiny and cannot use many weapons and most armour.
You have supernaturally acute eyesight.
You are a herbivore.
You cover ground extremely quickly.
You need consume almost no food.


Message History

The crystal bolt misses you.
You enter the passage of Golubria.
There is a passage of Golubria here.
You see here 18 stones.
The crystal guardian fires a crystalline bolt at you.
The crystal bolt misses you.
There is an open door here.
You close the door.
You enter the shallow water.
Moving in this stuff is going to be slow.
A crystal guardian opens the door.
The crystal guardian fires a crystalline bolt at you.
The crystal bolt misses you.
You are engulfed in a cloud of scalding steam.
The crystal guardian fires a crystalline bolt at you.
The crystal bolt misses you.
Really walk into a travel-excluded area?
You are engulfed in freezing vapours.
Ouch! That really hurt!
You die...

##+##..#,,***#.*,k#§)▓..)...%.▓▓,
#.#.##.####,,+.##.#[)▓..(..).%▓▓,
..#..#,...#,,*..k####▓....).%)▓▓,
#...####..#####..##)#▓......((▓▓,
##+###.##..#..'..#..#▓).%...^.▓▓,
##.###..#..#.§#†.#..#▓)....[..▓▓,
+^<.+.##+..####..##.#▓..(.....▓▓,
##.###..#....###...##▓▓▓▓▓▓▓§▓▓▓▓
##+###.##≈.....§@§§§§8≈≈≈≈≈≈...≈≈
#.#.####≈≈...§§≈#+########'###.≈.
.###.#≈≈≈≈≈≈≈..≈#..._._._#≈≈≈##≈≈
#.#.##≈≈§≈§≈≈≈.≈#.._._._.#§§≈§###
##+##≈≈≈§§§§≈≈≈≈#._._._._#§§§≈≈##
≈≈≈≈≈§≈≈X§§≈≈≈≈≈#_._._._.#≈≈≈§§≈#
++#+++#≈§§≈≈§§≈≈#._._._..#§§§§§§+
≈§§≈≈≈##≈≈≈###≈§#_._._...#§≈§§≈§#
≈§§≈§§≈##≈≈#,#≈≈#._.⌠....#§§§§≈≈▓


You could see a death drake (wandering) and a crystal guardian.

Vanquished Creatures
  An iron elemental (D)
  A yaktaur (D)
  3 polar bears (D)
  2 boulder beetles (D)
  A vampire mosquito (D)
  2 hippogriffs (D)
  Menkaure (D)
  A wasp (D)
  A swamp drake (D)
  4 necrophages (D)
  4 crocodiles (D)
  4 worker ants (D)
25 creatures vanquished.

Notes
Turn   | Place    | Note
--------------------------------------------------------------
     0 | D        | Kidiri the Spriggan Enchanter began the quest for the Orb.
     0 | D        | Reached XP level 1. HP: 9/9 MP: 5/5
     1 | D        | Noticed a boulder beetle
     1 | D        | Noticed a boulder beetle
     4 | D        | Noticed a hippogriff
     4 | D        | Noticed a hippogriff
     7 | D        | Noticed a worker ant
     7 | D        | Noticed a worker ant
    10 | D        | Noticed a necrophage
    10 | D        | Noticed a necrophage
    10 | D        | Noticed a necrophage
    10 | D        | Noticed a necrophage
    27 | D        | Killed a necrophage
    27 | D        | Reached skill level 6 in Dodging
    27 | D        | Reached skill level 7 in Stealth
    27 | D        | Reached skill level 5 in Spellcasting
    27 | D        | Reached XP level 2. HP: 13/13 MP: 6/9
    27 | D        | Reached XP level 3. HP: 16/16 MP: 6/10
    27 | D        | Reached XP level 4. HP: 21/21 MP: 7/12
    47 | D        | Killed a necrophage
    47 | D        | Reached skill level 5 in Short Blades
    47 | D        | Reached skill level 9 in Stealth
    47 | D        | Reached skill level 5 in Hexes
    47 | D        | Reached XP level 5. HP: 24/24 MP: 9/15
    65 | D        | Killed a necrophage
    65 | D        | Reached skill level 10 in Stealth
    97 | D        | Killed a necrophage
    97 | D        | Reached XP level 6. HP: 14/27 MP: 14/18
   117 | D        | Learned a level 2 spell: Ensorcelled Hibernation
   121 | D        | Learned a level 3 spell: Confuse
   125 | D        | Learned a level 3 spell: Tukima's Dance
   129 | D        | Learned a level 3 spell: Dazzling Spray
   253 | D        | Noticed a worker ant
   253 | D        | Noticed a worker ant
   254 | D        | Killed a worker ant
   255 | D        | Killed a worker ant
   255 | D        | Reached skill level 11 in Stealth
   257 | D        | Killed a worker ant
   260 | D        | Killed a worker ant
   260 | D        | Reached skill level 10 in Dodging
   260 | D        | Reached skill level 1 in Ice Magic
   280 | D        | Killed a hippogriff
   280 | D        | Reached skill level 1 in Conjurations
   280 | D        | Reached XP level 7. HP: 31/31 MP: 12/20
   426 | D        | Killed a hippogriff
   562 | D        | Killed a boulder beetle
   562 | D        | Reached skill level 12 in Stealth
   570 | D        | Killed a boulder beetle
   570 | D        | Reached skill level 10 in Spellcasting
   570 | D        | Reached XP level 8. HP: 35/35 MP: 23/23
   592 | D        | Noticed Roxanne
   594 | D        | Noticed Menkaure
   596 | D        | Killed Menkaure
   616 | D        | Found Elaoz's Assorted Antiques.
   616 | D        | Found Lixobb's Antique Armour Emporium.
   616 | D        | Found Cipsyv's Jewellery Shoppe.
   616 | D        | Found Runup's Jewellery Shoppe.
   616 | D        | Found Zuos's Magic Scroll Shoppe.
   616 | D        | Found Kaipeija's Gadget Emporium.
   616 | D        | Found Ywueneuc's Weapon Emporium.
   616 | D        | Found Plog's Antique Weapon Shoppe.
   617 | D        | Found Olaggy's Antique Armour Emporium.
   617 | D        | Found Cuijas's Book Shoppe.
   617 | D        | Found Duveinorch's Gadget Shoppe.
   618 | D        | Found Ubal's Book Emporium.
   619 | D        | Found Buciry Piba's Food Shoppe.
   619 | D        | Found Wuresm's Distillery.
   619 | D        | Noticed a fire dragon
   619 | D        | Noticed an oklob plant
   620 | D        | Found Pyraxtext's Distillery.
   620 | D        | Found Zodghite's Book Shoppe.
   621 | D        | Noticed a slime creature
   622 | D        | Noticed a slime creature
   622 | D        | Noticed a slime creature
   624 | D        | Noticed a redback
   625 | D        | Noticed a redback
   625 | D        | Noticed a lava snake
   664 | D        | Bought a book of Burglary for 825 gold pieces
   670 | D        | Bought a sheer robe for 136 gold pieces
   680 | D        | Identified the cursed +1 robe of Dogma {*Confuse rCorr Int+3 Stlth+} (You bought it in a shop in the Dungeon)
   683 | D        | Learned a level 2 spell: Swiftness
   687 | D        | Learned a level 3 spell: Passwall
   694 | D        | Learned a level 6 spell: Invisibility
   699 | D        | Learned a level 4 spell: Passage of Golubria
   711 | D        | Noticed a vampire mosquito
   716 | D        | Killed a vampire mosquito
   716 | D        | Reached skill level 13 in Stealth
   716 | D        | Reached skill level 1 in Charms
   716 | D        | Reached skill level 1 in Translocations
   716 | D        | Reached skill level 1 in Transmutations
   759 | D        | Noticed an obsidian statue
   779 | D        | Noticed a kraken
   782 | D        | Found a burning altar of Makhleb.
   783 | D        | Found a stormy altar of Qazlal.
  1077 | D        | Found an opulent altar of Gozag.
  1077 | D        | Found a roughly hewn altar of Beogh.
  1078 | D        | Found a deep blue altar of Sif Muna.
  1081 | D        | Found a bloodstained altar of Trog.
  1081 | D        | Found a glowing silver altar of Zin.
  1081 | D        | Found a basalt altar of Yredelemnul.
  1355 | D        | Found a sacrificial altar of Ru.
  1355 | D        | Found a shadowy altar of Dithmenos.
  1355 | D        | Found a radiant altar of Vehumet.
  1356 | D        | Found a viscous altar of Jiyva.
  1356 | D        | Found a blossoming altar of Fedhas.
  1356 | D        | Found a shimmering altar of Xom.
  1357 | D        | Found a snail-covered altar of Cheibriados.
  1357 | D        | Found a sparkling altar of Nemelex Xobeh.
  1357 | D        | Found a white marble altar of Elyvilon.
  1358 | D        | Found a glowing golden altar of the Shining One.
  1358 | D        | Found an iron altar of Okawaru.
  1359 | D        | Found an ancient bone altar of Kikubaaqudgha.
  1359 | D        | Found a corrupted altar of Lugonu.
  1360 | D        | Noticed a yaktaur
  1360 | D        | Noticed a wasp
  1360 | D        | Noticed a polar bear
  1361 | D        | Noticed a polar bear
  1361 | D        | Noticed a polar bear
  1362 | D        | Killed a polar bear
  1362 | D        | Reached skill level 1 in Air Magic
  1362 | D        | Reached skill level 1 in Earth Magic
  1364 | D        | Killed a wasp
  1366 | D        | Killed a yaktaur
  1376 | D        | Killed a polar bear
  1376 | D        | Reached XP level 9. HP: 33/38 MP: 20/24
  1388 | D        | Killed a polar bear
  1577 | D        | Noticed a crocodile
  1587 | D        | Became a worshipper of Dithmenos the Shadowed
  1602 | D        | Noticed a crocodile
  1608 | D        | Killed a crocodile
  1757 | D        | Killed a crocodile
  1757 | D        | Reached skill level 10 in Short Blades
  1760 | D        | Noticed a crocodile
  1761 | D        | Noticed a crocodile
  1761 | D        | Killed a crocodile
  1761 | D        | Reached skill level 14 in Stealth
  1765 | D        | Killed a crocodile
  1769 | D        | Noticed a flying skull
  1775 | D        | Noticed a flying skull
  1775 | D        | Noticed a flying skull
  1777 | D        | Noticed a flying skull
  1781 | D        | Noticed a flying skull
  1781 | D        | Noticed a flying skull
  1789 | D        | Noticed an ice statue
  2001 | D        | Noticed a death drake
  2001 | D        | Noticed a swamp drake
  2004 | D        | Noticed an iron elemental
  2005 | D        | Noticed a crystal guardian
  2005 | D        | Noticed a swamp drake
  2015 | D        | Killed an iron elemental
  2015 | D        | Reached skill level 1 in Invocations
  2213 | D        | Killed a swamp drake
  2214 | D        | Noticed a death drake
  2264 | D        | Engulfed by a crystal guardian's freezing vapour

Vault maps used:
D:        the_violet_keep_of_menkaure

Action                   |  1- 3 |  4- 6 |  7- 9 || total
-------------------------+-------+-------+-------++-------
Melee: Dagger            |    16 |    74 |    55 ||   145
 Cast: Ensorcelled Hiber |       |     3 |    20 ||    23
       Corona            |       |       |     1 ||     1
       Confuse           |       |       |     6 ||     6
       Passage of Golubr |       |       |     4 ||     4
       Invisibility      |       |       |     2 ||     2
  Use: Potion            |     1 |       |     1 ||     2
       Scroll            |       |       |     7 ||     7
 Stab: Sleeping          |       |     5 |    11 ||    16
       Confused          |       |       |     8 ||     8
       Invisible         |       |       |     4 ||     4
  Eat: Fruit             |       |       |     4 ||     4
